 Dungeon Crawl Stone Soup version 0.24-a0-335-g06ca16a (webtiles) character file.

Game seed: 7817211881981331578

6918 Borgoz the Cruncher (level 11, -5/68 HPs)
             Began as a Gargoyle Gladiator on May 19, 2019.
             Was a Believer of Okawaru.
             Slain by an orc knight
             ... wielding a +2 battleaxe of venom
             ... summoned by an orc
              (11 damage)
             ... in a bailey.
             The game lasted 00:15:13 (8813 turns).

Borgoz the Cruncher (Gargoyle Gladiator)            Turns: 8813, Time: 00:15:14

Health: -5/68      AC: 24    Str: 17    XL:     11   Next: 7%
Magic:  11/11      EV:  9    Int: 10    God:    Okawaru [**....]
Gold:   600        SH:  0    Dex: 14    Spells: 10/10 levels left

rFire    + . .     SeeInvis .   a - +2 quarterstaff
rCold    + . .     Gourm    .   (shield currently unavailable)
rNeg     + . .     Faith    .   t - +0 plate armour
rPois    ∞         Spirit   .   c - +1 helmet
rElec    +         Reflect  .   n - scarf {rC+ rF+}
rCorr    .         Harm     .   m - +0 pair of gloves
MR       .....                  (no boots)
Stlth    ..........             (no amulet)
HPRegen  0.21/turn              (no ring)
MPRegen  0.12/turn              (no ring)

@: vulnerable
A: negative energy resistance 1, electricity resistance, unbreathing,
petrification resistance, rot immunity, AC +8
a: Heroism, Renounce Religion


You were in a bailey.
You worshipped Okawaru.
Okawaru was pleased with you.
You were not hungry.

You visited 2 branches of the dungeon, and saw 10 of its levels.
You also visited: Bailey.

You collected 600 gold pieces.

Inventory:

Hand Weapons
 a - a +2 quarterstaff (weapon)
Missiles
 d - 2 throwing nets (quivered)
Armour
 c - a +1 helmet (worn)
 m - a +0 pair of gloves (worn)
 n - a scarf of resistance (worn)
 t - a +0 plate armour (worn)
Wands
 j - a wand of acid (5)
 k - a wand of paralysis (9)
 o - a wand of disintegration (6)
Scrolls
 h - 2 scrolls of remove curse
 i - a scroll of noise {unknown}
 l - 3 scrolls of teleportation
 v - a scroll of magic mapping
 x - 3 scrolls of enchant armour
Potions
 e - 3 potions of mutation
 g - 4 potions of curing
 p - 3 potions of agility
 r - a potion of cancellation
 s - 2 potions of heal wounds
 u - a potion of invisibility {unknown}
 w - a potion of experience {unknown}
 z - a potion of magic
 A - 2 potions of resistance {unknown}
Comestibles
 f - 20 rations


   Skills:
 + Level 7.7 Fighting
 * Level 10.1 Staves
 - Level 1.7 Throwing
 + Level 7.3 Armour
 * Level 8.5 Dodging


You had 10 spell levels left.
You didn't know any spells.
Your spell library contained the following spells:

 Spells                   Type           Power        Failure   Level  Hunger
 Infusion                 Chrm           #...         100%        1    ##.....
 Sandblast                Erth           #.....       100%        1    ##.....
 Passwall                 Tmut/Erth      #.......     100%        2    ###....
 Shroud of Golubria       Chrm/Tloc      #.........   100%        2    ###....
 Song of Slaying          Chrm           #.......     100%        2    ###....
 Regeneration             Chrm/Necr      #.........   100%        3    ####...
 Spectral Weapon          Hex/Chrm       #.......     100%        3    ####...
 Stone Arrow              Conj/Erth      #.....       100%        3    ####...
 Petrify                  Tmut/Erth      #.......     100%        4    #####..
 Lee's Rapid Deconstruct  Erth           #.........   100%        5    ######.


Dungeon Overview and Level Annotations

Branches:
Dungeon (9/15)             Temple (1/1) D:4            Lair (0/6) D:9
    Orc: D:9-12

Altars:
Ashenzari
Cheibriados
Dithmenos
Elyvilon
Fedhas
Gozag
Hepliaklqana
Kikubaaqudgha
Makhleb
Nemelex Xobeh
Okawaru
Qazlal
Ru
Sif Muna
Trog
Uskayaw
Vehumet
Wu Jian
Xom
Yredelemnul
Zin
The Shining One


Innate Abilities, Weirdness & Mutations

You are resistant to torment.
Your stone body is resilient. (AC +8)
You are immune to poison.
You resist negative energy. (rN+)
You are resistant to electric shocks. (rElec)
You can survive without breathing.
You are immune to petrification.
You are immune to rotting.


Message History

The orc convulses!
The gnoll convulses! x2; The orc priest convulses!
It was a scroll of torment.
The orc warrior hits you but does no damage.
The gnoll barely misses you. The orc hits you but does no damage.
The orc priest looks braver for a moment.
The orc knight hits you with a +2 battleaxe of venom!
* * * LOW HITPOINT WARNING * * *
The gnoll barely misses you.
Okay, then.
As you read the scroll labeled TOISSA ROTUNT, it crumbles to dust.
Magic quickly surges around you.
It was a scroll of vulnerability.
The gnoll hits you but does no damage.
The orc warrior hits you with a +0 dire flail!
* * * LOW HITPOINT WARNING * * *
The orc hits you with a +0 dagger.
* * * LOW HITPOINT WARNING * * *
The orc priest misses you. The gnoll closely misses you.
The orc priest miscasts a cantrip.
The orc knight hits you with a +2 battleaxe of venom!
You die...

### ############ ..##
##...ooo@oo.##
ggg######.....ogoo...#
goo#).))#)....ogog...#
go.gg).)')...))))...∩#
.oo#..))#)...........#
.g.######............#
..## ##.)......∩.##
### ############


You could see an orc knight, 3 orc warriors, 2 orc priests, 3 gnolls and 4 orcs.

Vanquished Creatures
  Gastronok (D:9)
  An ugly thing (D:9)
  A troll (D:6)
  2 hippogriffs
  A spriggan (D:7)
  Eustachio (D:4)
  Menkaure (D:3)
  A water moccasin (D:5)
  Duvessa (D:3)
  2 ice beasts
  A sky beast (D:7)
  8 orc warriors
  2 phantoms
  4 ogres
  4 centaurs
  Blork the orc (D:4)
  3 bullfrogs
  Dowan (D:3)
  3 scorpions
  5 wights (D:7)
  3 howler monkeys (D:9)
  An electric eel (D:8)
  3 crimson imps
  A quasit (D:6)
  3 hounds
  3 orc priests
  A centaur skeleton (D:5)
  4 orc wizards
  A gnoll shaman (D:5)
  2 iguanas
  7 worker ants
  A hound skeleton (D:8)
  A worker ant zombie (D:3)
  A mummy (D:7)
  16 gnolls
  A howler monkey skeleton (D:5)
  7 adders
  2 adder skeletons
  A worm (D:3)
  3 dart slugs
  5 leopard geckos
  52 orcs
  5 ball pythons
  8 bats
  7 giant cockroaches
  10 goblins
  7 hobgoblins
  8 jackals
  3 quokkas
  5 frilled lizards
  A hobgoblin zombie (D:7)
  A jackal skeleton (D:5)
  6 kobolds
  2 kobold zombies (D:7)
  An orc zombie (D:7)
  A quokka zombie (D:6)
  16 rats
  A bush (D:6)
245 creatures vanquished.

Notes
Turn   | Place    | Note
-------+----------+-------------------------------------------
     0 | D:1      | Borgoz the Gargoyle Gladiator began the quest for the Orb.
     0 | D:1      | Reached XP level 1. HP: 12/12 MP: 1/1
    67 | D:1      | Reached XP level 2. HP: 14/18 MP: 2/2
   193 | D:1      | Reached XP level 3. HP: 9/22 MP: 3/3
   202 | D:1      | Reached skill level 1 in Armour
  1113 | D:2      | Reached XP level 4. HP: 27/27 MP: 4/4
  1825 | D:3      | Reached skill level 4 in Staves
  2080 | D:3      | Reached XP level 5. HP: 24/32 MP: 5/5
  2220 | D:4      | Noticed Duvessa
  2220 | D:4      | Noticed Dowan
  2233 | D:3      | Killed Duvessa
  2233 | D:3      | Reached XP level 6. HP: 34/37 MP: 6/6
  2266 | D:3      | Killed Dowan
  2491 | D:4      | Noticed Menkaure
  2520 | D:3      | Killed Menkaure
  2520 | D:3      | Reached skill level 5 in Staves
  2520 | D:3      | Reached XP level 7. HP: 34/42 MP: 7/7
  2672 | D:4      | Found a snail-covered altar of Cheibriados.
  2704 | D:4      | Found a staircase to the Ecumenical Temple.
  2778 | Temple   | Entered the Ecumenical Temple
  3284 | D:4      | Noticed Blork the orc
  3305 | D:4      | Killed Blork the orc
  3382 | D:4      | Found a basalt altar of Yredelemnul.
  3490 | D:4      | Noticed Eustachio
  3516 | D:4      | Killed Eustachio
  3516 | D:4      | Reached skill level 6 in Staves
  3516 | D:4      | Reached skill level 5 in Dodging
  3516 | D:4      | Reached XP level 8. HP: 45/48 MP: 8/8
  3579 | D:5      | Entered Level 5 of the Dungeon
  4357 | D:5      | Reached skill level 5 in Fighting
  4983 | D:6      | Noticed a troll
  4987 | D:6      | Reached skill level 7 in Staves
  4998 | D:6      | Killed a troll
  4998 | D:6      | Reached XP level 9. HP: 6/54 MP: 9/9
  5406 | D:6      | Reached skill level 5 in Armour
  5981 | D:6      | Found a stormy altar of Qazlal.
  6461 | D:7      | Reached skill level 8 in Staves
  6795 | D:7      | Reached XP level 10. HP: 61/61 MP: 10/10
  7440 | D:8      | Found a sparkling altar of Nemelex Xobeh.
  7445 | D:8      | Found an iron altar of Okawaru.
  7445 | D:8      | Found a shimmering altar of Xom.
  7474 | D:8      | Became a worshipper of Warmaster Okawaru
  7695 | D:9      | Noticed Gastronok
  7711 | D:9      | Reached skill level 9 in Staves
  7720 | D:9      | Killed Gastronok
  7720 | D:9      | Reached * piety under Okawaru
  7752 | D:9      | Found a flagged portal.
  7752 | D:9      | Noticed a white ugly thing
  7767 | D:9      | Killed a white ugly thing
  7784 | D:9      | Reached ** piety under Okawaru
  7833 | Bailey   | Entered a bailey
  8054 | Bailey   | Reached skill level 10 in Staves
  8054 | Bailey   | Reached XP level 11. HP: 8/67 MP: 11/11
  8801 | Bailey   | Noticed an orc knight
  8813 | Bailey   | Slain by an orc knight

Levels and vault maps discovered:
D:1:      nzn_arrival_settlement, layout_basic
D:2:      layout_loops_corners, eino_tiny_chamber
D:3:      layout_basic, saegor_snake_ambush
D:4:      layout_loops_ring, lemuel_crystal_altar, kennysheep_mini,
          minmay_temple_entry_waves, uniq_menkaure, uniq_eustachio,
          uniq_duvessa, uniq_blork_the_orc
D:5:      layout_basic, first_ration, corexii_checkpoint_a, minmay_misc_feat_iff
D:6:      minmay_skewed_foursquare, layout_rooms, lemuel_coloured_pillars_altar,
          serial_curves, eino_curves_03, eino_curves_02, eino_curves_04,
          eino_curves_03, kennysheep_small_spiral, kb_lookout_dungeons_type
D:7:      layout_loops_ring, the_bakery, minmay_mini_ossuary
D:8:      layout_basic, grunt_temple_overflow_open
D:9:      layout_roguey, dpeg_lair_monsters, enter_bailey_7, uniq_gastronok,
          uniq_erolcha
Temple:   compressed_dpeg_circular_temple
Bailey:   bailey_polearm_5, bailey

Skill      XL: |  1  2  3  4  5  6  7  8  9 10 |
---------------+-------------------------------+-----
Armour         | 1 2 3 4 5 7 |  7.3
Dodging        | 3 4 5 6 7 8 |  8.5
Staves         | 4 5 6 7 8 10 | 10.1
Fighting       | 3 4 5 6 7 |  7.7
Throwing       | |  1.7

Action                   |  1- 3 |  4- 6 |  7- 9 | 10-12 || total
-------------------------+-------+-------+-------+-------++-------
Melee: Quarterstaff      |    83 |   143 |   558 |   251 ||  1035
Throw: Throwing net      |       |     3 |     1 |     5 ||     9
Evoke: Wand              |       |       |       |    18 ||    18
  Use: Scroll            |     1 |     7 |     5 |     6 ||    19
       Potion            |       |     3 |     2 |     3 ||     8
 Stab: Held in net/web   |       |       |       |     5 ||     5
       Paralysed         |       |       |       |     5 ||     5
       Distracted        |       |       |       |     1 ||     1
  Eat: Chunk             |     1 |     4 |    14 |     7 ||    26
       Ration            |       |       |       |     1 ||     1
Armor: Leather armour    |    31 |    74 |       |       ||   105
       Scale mail        |       |    15 |   301 |    92 ||   408
       Chain mail        |       |       |       |    13 ||    13
       Plate armour      |       |       |       |    43 ||    43
Dodge: Dodged            |    35 |   124 |   336 |   221 ||   716

Table legend:
 A = Non-vault XP
 B = Vault XP
 C = Vault XP percentage of total XP
 D = Non-vault monster count
 E = Vault monster count
 F = Vault count percentage of total count
                 A         B        C        D         E       F
            +---------+---------+-------+---------+---------+-------
      Total |    5664 |    4219 |  42.7 |     186 |      58 |  23.8
            +---------+---------+-------+---------+---------+-------
        D:1 |      59 |       0 |   0.0 |      28 |       0 |   0.0
        D:2 |      27 |       0 |   0.0 |       9 |       0 |   0.0
        D:3 |     180 |     385 |  68.1 |      36 |       5 |  12.2
        D:4 |     559 |     279 |  33.3 |      37 |       2 |   5.1
        D:5 |     573 |       6 |   1.0 |      19 |       2 |   9.5
        D:6 |    1022 |     113 |  10.0 |      16 |       3 |  15.8
        D:7 |    1215 |     235 |  16.2 |      14 |       6 |  30.0
        D:8 |     803 |       0 |   0.0 |      16 |       0 |   0.0
        D:9 |    1226 |    2184 |  64.0 |      11 |       5 |  31.2
     Bailey |       0 |    1017 | 100.0 |       0 |      35 | 100.0
            +---------+---------+-------+---------+---------+-------
